 Dungeon Crawl Stone Soup version 0.30-a0-728-gc68057be0a (webtiles) character file.

Game seed: 6009232394718235574

977 kae the Geomancer (level 8, -11/41 HPs)
             Began as a Gargoyle Earth Elementalist on Jan 30, 2023.
             Was an Initiate of Vehumet.
             Mangled by Duvessa
             ... wielding a +0 short sword
              (15 damage)
             ... on level 4 of the Dungeon.
             The game lasted 00:05:12 (5106 turns).

kae the Geomancer (Gargoyle Earth Elementalist)     Turns: 5106, Time: 00:05:13

Health: -11/41     AC:  9    Str: 12    XL:     8   Next: 17%
Magic:  0/14       EV: 11    Int: 18    God:    Vehumet [......]
Gold:   330        SH:  0    Dex: 10    Spells: 5/15 levels left

rFire   + . .      SeeInvis .    t - +1 short sword (elec)
rCold   + . .      Faith    .    (no shield)
rNeg    + . .      Spirit   .    a - +0 robe
rPois   ∞          Reflect  .    (no helmet)
rElec   +          Harm     .    p - +0 cloak
rCorr   .          Rampage  .    m - +0 pair of gloves
Will    .....                    (no boots)
Stlth   ++                       (no amulet)
HPRegen 0.26/turn                c - ring of protection from cold
MPRegen 0.14/turn                F - ring of protection from fire

@: no status effects
A: sickness immunity, AC +5, negative energy resistance 1, electricity
resistance, torment resistance 1, petrification resistance
a: Renounce Religion


You were on level 4 of the Dungeon.
You worshipped Vehumet.
Vehumet was noncommittal.
You visited 2 branches of the dungeon, and saw 6 of its levels.

You collected 330 gold pieces.


Innate Abilities, Weirdness & Mutations

You are immune to sickness and miasma.
Your stone body is resilient. (AC +5)
You are immune to poison.
You resist negative energy. (rN+)
You are resistant to electric shocks. (rElec)
You are resistant to unholy torment.
You are immune to petrification.


   Skills:
 - Level 1.5 Dodging
 - Level 2.1 Stealth
 + Level 4.3 Spellcasting
 * Level 5.8 Conjurations
 - Level 0.7 Transmutations
 * Level 8.0 Earth Magic


You had 5 spell levels left.
You knew the following spells:

 Your Spells              Type           Power      Damage    Failure   Level
a - Sandblast             Erth           64%        2d14      1%          1
b - Passwall              Tmut/Erth      15%        N/A       3%          2
c - Stone Arrow           Conj/Erth      56%        3d10      2%          3
d - Petrify               Tmut/Erth      19%        N/A       24%         4

Your spell library contained the following spells:

 Spells                   Type           Power      Damage    Failure   Level
 Metabolic Englaciation   Hex/Ice        1%         N/A       99%         5
 Statue Form              Tmut/Erth      Unusable   N/A       N/A         6

Inventory:

Hand Weapons
 d - a +0 dagger
   (You took it off a goblin on level 1 of the Dungeon)
 t - a +1 short sword of electrocution (weapon)
   (You took it off a kobold on level 3 of the Dungeon)
Missiles
 e - 49 stones
 n - 20 poisoned darts
 q - 5 boomerangs
Armour
 a - a +0 robe (worn)
 m - a +0 pair of gloves (worn)
   (You found it on level 3 of the Dungeon)
 p - a +0 cloak (worn)
   (You found it on level 3 of the Dungeon)
Jewellery
 c - a ring of protection from cold (left hand)
   (You found it on level 2 of the Dungeon)
 C - a ring of protection from cold
   (You found it on level 1 of the Dungeon)
 F - a ring of protection from fire (right hand)
   (You found it on level 2 of the Dungeon)
Wands
 u - a wand of flame (22)
   (You found it on level 5 of the Dungeon)
Scrolls
 f - a scroll of vulnerability {!r!r}
 h - a scroll of teleportation {@r4}
 k - 2 scrolls of fear
 l - a scroll of identify {@r1}
 o - a scroll of fog
Potions
 b - 2 potions of magic
 g - 2 potions of flight
 i - a potion of brilliance
 j - a potion of lignification {!q}
 r - 2 potions of curing {@q1}
 s - 2 potions of haste {@q3}
 v - a potion of degeneration {!q}

Dungeon Overview and Level Annotations

Branches:
Dungeon (5/15) Zot: 24975  Temple (1/1) D:5 Zot: 5803

Altars:
Cheibriados
Dithmenos
Elyvilon
Kikubaaqudgha
Makhleb
Nemelex Xobeh
Okawaru
Qazlal
Sif Muna
Vehumet
Yredelemnul
Zin
The Shining One

Annotations:
D:4 Duvessa
D:5 2 transporters

##.##.#............. #'##
##..####............ ....
#... ###............
.....##...#............##
.....##...#...........###
......<..S#..........##
...S###.............##
#SJ.#..............#
##e@..#....#..#..#..
..###...###..###..##.#..
........#.#..# ##.#....#
#............# #.....##
#.#.........#####....##
#. #..................###
# ....#.....###........##
#...##.....####.........
#.......##..###......#..


You could see Duvessa (berserk), an adder, an endoplasm and a ball python.


Message History

The stone arrow hits Duvessa! 😎 MP[-3]
You lost 3 mp, and now have 11/14 mp.
Casting: Stone Arrow (dangerous; 2% risk of failure)
Confirm with . or Enter, or press ? or * to list all spells.
Aiming: Sandblast (safe; 1% risk of failure)
Press: ? - help, Shift-Dir - straight line, f/p - Duvessa
Aim: Duvessa, wielding a +0 short sword, wearing a +1 leather armour of cold resistance and carrying a wand of flame (23) (lightly wounded, berserk, 86% to hit)
The blast of sand hits Duvessa!
Duvessa hits you with a +0 short sword. Duvessa barely misses you.
Duvessa hits you with a +0 short sword! 😮 HP[-19] MP[-1]
You take 19 damage, and now have 22/41 hp.
MASSIVE DAMAGE!! (PAUSE)
You lost 1 mp, and now have 10/14 mp.
Casting: Sandblast (safe; 1% risk of failure)
Confirm with . or Enter, or press ? or * to list all spells.
Aiming: Stone Arrow (dangerous; 2% risk of failure)
Press: ? - help, Shift-Dir - straight line, f/p - Duvessa
Aim: Duvessa, wielding a +0 short sword, wearing a +1 leather armour of cold resistance and carrying a wand of flame (23) (moderately wounded, berserk, 75% to hit)
The stone arrow hits Duvessa!
Duvessa barely misses you. 😮 HP[+1] MP[-3]
You lost 3 mp, and now have 7/14 mp.
Unknown command.
Casting: Stone Arrow (dangerous; 2% risk of failure)
Confirm with . or Enter, or press ? or * to list all spells.
Aiming: Stone Arrow (dangerous; 2% risk of failure)
Press: ? - help, Shift-Dir - straight line, f/p - Duvessa
Aim: Duvessa, wielding a +0 short sword, wearing a +1 leather armour of cold resistance and carrying a wand of flame (23) (heavily wounded, berserk, 75% to hit)
The stone arrow hits Duvessa!
Duvessa hits you but does no damage. Duvessa misses you. 😮 MP[-3]
You lost 3 mp, and now have 4/14 mp.
Unknown command.
Casting: Stone Arrow (dangerous; 2% risk of failure)
Confirm with . or Enter, or press ? or * to list all spells.
Aiming: Sandblast (safe; 1% risk of failure)
Press: ? - help, Shift-Dir - straight line, f/p - Duvessa
Aim: Duvessa, wielding a +0 short sword, wearing a +1 leather armour of cold resistance and carrying a wand of flame (23) (severely wounded, berserk, 86% to hit)
The blast of sand misses Duvessa.
Duvessa barely misses you. The endoplasm freezes you.
You are frozen.
You resist. Duvessa hits you with a +0 short sword!
* * * LOW HITPOINT WARNING * * *
The endoplasm closely misses you. 😨 HP[-7] MP[-1]
You take 7 damage, and now have 16/41 hp.
You lost 1 mp, and now have 3/14 mp.
Unknown command.
Casting: Sandblast (safe; 1% risk of failure)
Confirm with . or Enter, or press ? or * to list all spells.
Aiming: Sandblast (safe; 1% risk of failure)
Press: ? - help, Shift-Dir - straight line, f/p - Duvessa
Aim: Duvessa, wielding a +0 short sword, wearing a +1 leather armour of cold resistance and carrying a wand of flame (23) (severely wounded, berserk, 86% to hit)
The blast of sand hits Duvessa but does no damage.
Duvessa hits you with a +0 short sword.
* * * LOW HITPOINT WARNING * * *
The endoplasm freezes you.
You are frozen.
You resist.
* * * LOW HITPOINT WARNING * * *
Duvessa hits you with a +0 short sword.
* * * LOW HITPOINT WARNING * * *
😱 HP[-8]
You take 8 damage, and now have 8/41 hp.
Unknown command.
Casting: Sandblast (safe; 1% risk of failure)
Confirm with . or Enter, or press ? or * to list all spells.
Aiming: Sandblast (safe; 1% risk of failure)
Press: ? - help, Shift-Dir - straight line, f/p - Duvessa
Aim: Duvessa, wielding a +0 short sword, wearing a +1 leather armour of cold resistance and carrying a wand of flame (23) (severely wounded, berserk, 86% to hit)
The blast of sand hits Duvessa.
Duvessa misses you. The endoplasm freezes you.
You are frozen.
You resist.
* * * LOW HITPOINT WARNING * * *
Duvessa hits you but does no damage.
The endoplasm hits you but does no damage. 😱 HP[-1] MP[-1]
You take 1 damage, and now have 7/41 hp.
You lost 1 mp, and now have 2/14 mp.
Unknown command.
Casting: Sandblast (safe; 1% risk of failure)
Confirm with . or Enter, or press ? or * to list all spells.
Aiming: Sandblast (safe; 1% risk of failure)
Press: ? - help, Shift-Dir - straight line, f/p - Duvessa
Aim: Duvessa, wielding a +0 short sword, wearing a +1 leather armour of cold resistance and carrying a wand of flame (23) (almost dead, berserk, 86% to hit)
The blast of sand hits Duvessa but does no damage.
Duvessa closely misses you. Duvessa hits you with a +0 short sword.
* * * LOW HITPOINT WARNING * * *
The endoplasm hits you.
* * * LOW HITPOINT WARNING * * *
😱 HP[-4] MP[-1]
You take 4 damage, and now have 3/41 hp.
You lost 1 mp, and now have 1/14 mp.
Unknown command.
Casting: Sandblast (safe; 1% risk of failure)
Confirm with . or Enter, or press ? or * to list all spells.
Aiming: Sandblast (safe; 1% risk of failure)
Press: ? - help, Shift-Dir - straight line, f/p - Duvessa
Aim: Duvessa, wielding a +0 short sword, wearing a +1 leather armour of cold resistance and carrying a wand of flame (23) (almost dead, berserk, 86% to hit)
The blast of sand hits Duvessa.
Duvessa misses you. Duvessa hits you with a +0 short sword!
You die...

Skill      XL: |  1  2  3  4  5  6  7  8 |
---------------+-------------------------+-----
Earth Magic    | 4 5 6 7 8 |  8.0
Conjurations   | 1 2 3 4 5 |  5.8
Spellcasting   | 3 4 |  4.3
Dodging        | |  1.5
Stealth        | |  2.1
Transmutations | |  0.7

Action                     |  1- 3 |  4- 6 |  7- 9 || total
---------------------------+-------+-------+-------++-------
  Melee: Unarmed           |     8 |       |       ||     8
         Dagger            |    43 |    30 |       ||    73
         Short sword       |       |     1 |     7 ||     8
   Cast: Sandblast         |    49 |    99 |    49 ||   197
         Stone Arrow       |       |     2 |     3 ||     5
    Use: Scroll            |     2 |     9 |     1 ||    12
         Potion            |     1 |     1 |       ||     2
   Stab: Sleeping          |       |       |     1 ||     1
 Armour: Robe              |    31 |    29 |    18 ||    78
  Dodge: Dodged            |    58 |    51 |    42 ||   151

Levels and vault maps discovered:
D:1:      ncdulo_watergridlock, layout_rooms, minmay_misc_feat_tiny
D:2:      layout_basic, minmay_misc_feat_hallway, uniq_robin
D:3:      layout_loops_ring, kennysheep_orc_sif_temple,
          grunt_temple_overflow_open, grunt_decor_mini_mirrors, minivault_4,
          minmay_cupped
D:4:      layout_cave_pools, minmay_misc_feat_secret_circle, hex_tiny,
          palyth_stone_intersect, kennysheep_generic_room_9, uniq_duvessa
D:5:      gammafunk_wand_slinger, layout_basic, nicolae_overflow_two_pavilions,
          okawaru_ov_weapons_minmay, nicolae_qazlal_style_of_elements,
          minmay_temple_entry_water_ring
Temple:   nicolae_temple_bog_church

Notes
Turn   | Place    | Note
-------+----------+-------------------------------------------
     0 | D:1      | kae the Gargoyle Earth Elementalist began the quest for the
                  | Orb.
     0 | D:1      | Reached XP level 1. HP: 10/10 MP: 3/3
     0 | D:1      | magus.rc [v1.11.3]
    56 | D:1      | Reached skill level 4 in Earth Magic
    57 | D:1      | Reached XP level 2. HP: 15/15 MP: 0/5
   425 | D:1      | Reached XP level 3. HP: 19/19 MP: 2/6
   428 | D:1      | Learned a level 2 spell: Passwall
   432 | D:1      | Learned a level 3 spell: Stone Arrow
   847 | D:2      | You pick up a book of Sloth and begin reading...
   936 | D:2      | Reached skill level 1 in Conjurations
  1050 | D:2      | Noticed Robin
  1068 | D:2      | Reached XP level 4. HP: 24/24 MP: 7/7
  1084 | D:2      | Reached skill level 5 in Earth Magic
  1169 | D:2      | Killed Robin
  1488 | D:2      | Reached skill level 2 in Conjurations
  1488 | D:2      | Reached XP level 5. HP: 28/28 MP: 5/9
  1892 | D:3      | Found a white marble altar of Elyvilon.
  1898 | D:3      | Reached skill level 3 in Spellcasting
  1905 | D:3      | Found a shadowy altar of Dithmenos.
  1939 | D:3      | Found a shimmering blue altar of Sif Muna.
  2425 | D:3      | Learned a level 4 spell: Petrify
  2680 | D:4      | Reached skill level 3 in Conjurations
  2732 | D:4      | Noticed a black bear
  2739 | D:4      | Killed a black bear
  2740 | D:4      | Reached skill level 6 in Earth Magic
  2740 | D:4      | Reached XP level 6. HP: 32/32 MP: 5/11
  2865 | D:4      | Noticed Duvessa
  2868 | D:4      | Noticed Dowan
  3125 | D:4      | Killed Dowan
  3160 | D:3      | Reached skill level 4 in Conjurations
  3807 | D:4      | HP: 5/32 [Duvessa/+0 short sword (7)]
  3862 | D:5      | Entered Level 5 of the Dungeon
  3863 | D:5      | Found a transporter.
  3909 | D:5      | Found a transporter.
  3932 | D:5      | Found a stormy altar of Qazlal.
  3972 | D:5      | Noticed a fire elemental
  3972 | D:5      | Noticed an air elemental
  3972 | D:5      | Noticed a water elemental
  3987 | D:5      | Found an iron altar of Okawaru.
  4031 | D:5      | Reached XP level 7. HP: 36/36 MP: 10/12
  4089 | D:5      | Reached skill level 7 in Earth Magic
  4174 | D:5      | Found a staircase to the Ecumenical Temple.
  4183 | Temple   | Entered the Ecumenical Temple
  4368 | Temple   | Became a worshipper of Vehumet
  4558 | D:5      | Reached skill level 5 in Conjurations
  4561 | D:5      | Reached skill level 4 in Spellcasting
  4689 | D:5      | Reached XP level 8. HP: 41/41 MP: 12/14
  4717 | D:5      | Found a glowing golden altar of the Shining One.
  4717 | D:5      | Found an ancient bone altar of Kikubaaqudgha.
  4779 | D:5      | Reached skill level 8 in Earth Magic
  5103 | D:4      | HP: 8/41 [Duvessa/+0 short sword (6)]
  5105 | D:4      | HP: 3/41 [endoplasm (2)]
  5106 | D:4      | Mangled by Duvessa

Vanquished Creatures
  A black bear (D:4)
  A necrophage (D:5)
  2 scorpions (D:5)
  Dowan (D:4)
  5 killer bees (D:5)
  A howler monkey (D:2)
  3 hounds (D:5)
  A jelly (D:5)
  3 iguanas
  Robin (D:2)
  3 adders
  4 gnolls
  A white imp (D:5)
  A worm (D:3)
  4 dart slugs
  8 orcs
  5 endoplasms
  3 giant cockroaches
  21 goblins
  7 hobgoblins
  10 jackals
  A quokka (D:5)
  9 ball pythons
  9 bats
  5 frilled lizards
  7 kobolds
  4 rats
121 creatures vanquished.

Table legend:
 A = Non-vault XP
 B = Vault XP
 C = Vault XP percentage of total XP
 D = Non-vault monster count
 E = Vault monster count
 F = Vault count percentage of total count
                 A         B        C        D         E       F
            +---------+---------+-------+---------+---------+-------
      Total |    1283 |     114 |   8.2 |     102 |      19 |  15.7
            +---------+---------+-------+---------+---------+-------
        D:1 |      46 |       0 |   0.0 |      24 |       0 |   0.0
        D:2 |     100 |      35 |  25.9 |      19 |      13 |  40.6
        D:3 |     113 |      10 |   8.1 |      29 |       5 |  14.7
        D:4 |     221 |      69 |  23.8 |      10 |       1 |   9.1
        D:5 |     803 |       0 |   0.0 |      20 |       0 |   0.0
            +---------+---------+-------+---------+---------+-------

Illustrated notes

Table legend:
 A = Kills in this place as a percentage of kills in entire the game.
 B = Kills by you in this place as a percentage of kills by you in the entire game.
 C = Kills by friends in this place as a percentage of kills by friends in the entire game.
 D = Other kills in this place as a percentage of other kills in the entire game.
 E = Experience gained in this place as a percentage of experience gained in the entire game.
 F = Experience gained in this place divided by the number of levels of this place that you have seen.
                   A       B       C       D       E      F
               +-------+-------+-------+-------+-------+----------------------
         Total | 100.0 | 100.0 |   N/A |   N/A | 100.0 | 232.8
       Dungeon | 100.0 | 100.0 |   N/A |   N/A | 100.0 | 279.4
               +-------+-------+-------+-------+-------+----------------------

Table legend: (Time is in decaauts)
 A = Elapsed time spent in this place.
 B = Non-inter-level travel time spent in this place.
 C = Inter-level travel time spent in this place.
 D = Time resting spent in this place.
 E = Time spent auto-exploring this place.
 F = Levels seen in this place.
 G = Mean time per level.
                   A        B        C        D        E       F      G
               +--------+--------+--------+--------+--------+-----+--------+
         Total |   5218 |   5051 |    167 |    874 |   3337 |   6 |  869.7 |
       Dungeon |   5022 |   4861 |    161 |    874 |   3155 |   5 | 1004.4 |
        Temple |    196 |    191 |      5 |      0 |    182 |   1 |  196.0 |
               +--------+--------+--------+--------+--------+-----+--------+

Top non-repeatable levels by time:
     D:3: 1299 daAuts
     D:4: 1193 daAuts
     D:5: 953 daAuts
     D:2: 837 daAuts
     D:1: 738 daAuts
  Temple: 196 daAuts
